 Dungeon Crawl Stone Soup version 0.17-a0-1403-g9df874c (webtiles) character file.

17631 Frelus the Covert (level 12, -7/61 HPs)
             Began as a Spriggan Enchanter on June 20, 2015.
             Was a High Priest of Kikubaaqudgha.
             Mangled by a blink frog (14 damage)
             ... on level 1 of the Lair of Beasts.
             The game lasted 00:47:37 (15634 turns).

Frelus the Covert (Spriggan Enchanter)             Turns: 15634, Time: 00:47:37

Health: -7/61      AC:  6    Str:  7    XL:     12   Next: 20%
Magic:  9/23       EV: 29    Int: 18    God:    Kikubaaqudgha [*****.]
Gold:   540        SH:  0    Dex: 17    Spells: 6 memorised, 7 levels left

rFire  + . .     SeeInvis +     h - +1 dagger (venom)
rCold  . . .     Clarity  .     G - +2 robe {rF+}
rNeg   . . .     SustAt   .     (shield restricted)
rPois  +         Gourm    .     (helmet restricted)
rElec  .         Spirit   .     f - +1 cloak
rCorr  .         Warding  .     (gloves unavailable)
rMut   +         Stasis   .     (boots unavailable)
MR     ++...                    j - amulet of resist mutation
Stlth  +++++++...               o - ring of poison resistance
                                M - ring of flight

@: very quick, very resistant to hostile enchantments, extremely stealthy
A: unfitting armour, see invisible, herbivore 3, speed 3, slow metabolism 2
a: Receive Corpses, Torment, Renounce Religion, Evoke Flight


You were on level 1 of the Lair of Beasts.
You worshipped Kikubaaqudgha.
Kikubaaqudgha was extremely pleased with you.
You were not hungry.

You visited 3 branches of the dungeon, and saw 13 of its levels.

You collected 735 gold pieces.
You spent 195 gold pieces at shops.

Inventory:

Hand weapons
 a - a +1 dagger
 h - a +1 dagger of venom (weapon)
 t - a +2 short sword of speed
Armour
 b - a +1 robe
 f - a +1 cloak (worn)
 G - a +2 robe of fire resistance (worn)
Jewellery
 j - an amulet of resist mutation (around neck)
 o - a ring of poison resistance (right hand)
 w - an uncursed ring of teleportation
 E - an uncursed amulet of warding
 M - a ring of flight (left hand)
Magical devices
 J - a wand of draining (3)
Scrolls
 e - 3 scrolls of teleportation
 i - 5 scrolls of identify
 m - 2 scrolls of remove curse
 u - a scroll of random uselessness
 v - 2 scrolls of amnesia
 D - 4 scrolls of blinking
 K - 2 scrolls of recharging
Potions
 g - a potion of resistance
 k - a potion of berserk rage {unknown}
 l - 2 potions of flight {unknown}
 n - 4 potions of curing
 q - 2 potions of brilliance
 s - 2 potions of agility
 A - 2 potions of might
 C - a potion of cancellation
Books
 c - a book of Maledictions

   Spells                             Type                      Level
   a - Corona                         Hexes                        1
   b - Ensorcelled Hibernation        Hexes/Ice                    2
   c - Confuse                        Hexes                        3
   d - Tukima's Dance                 Hexes                        3
   e - Dazzling Spray                 Conjuration/Hexes            3
 y - a book of Ice

   Spells                             Type                      Level
   a - Ice Form                       Ice/Transmutation            4
   b - Metabolic Englaciation         Hexes/Ice                    5
   c - Ozocubu's Refrigeration        Ice                          6
   d - Bolt of Cold                   Conjuration/Ice              6
   e - Freezing Cloud                 Conjuration/Ice/Air          6
   f - Simulacrum                     Ice/Necromancy               6
 B - Kikubaaqudgha's Collected Works on Evil
   (Kikubaaqudgha gifted it to you on level 6 of the Dungeon)

   Spells                             Type                      Level
   a - Animate Skeleton               Necromancy                   1
   b - Corpse Rot                     Necromancy                   2
   c - Sublimation of Blood           Necromancy                   2
   d - Vampiric Draining              Necromancy                   3
   e - Control Undead                 Necromancy                   4
 H - Kikubaaqudgha's Almanac of Unholy Secrets
   (Kikubaaqudgha gifted it to you on level 8 of the Dungeon)

   Spells                             Type                      Level
   a - Animate Dead                   Necromancy                   4
   b - Bolt of Draining               Conjuration/Necromancy       5
   c - Agony                          Necromancy                   5
   d - Dispel Undead                  Necromancy                   5
   e - Death Channel                  Necromancy                   6
 I - a book of Transfigurations

   Spells                             Type                      Level
   a - Stoneskin                      Transmutation/Earth          2
   b - Irradiate                      Conjuration/Transmutation    5
   c - Statue Form                    Transmutation/Earth          6
   d - Hydra Form                     Transmutation                6
   e - Dragon Form                    Transmutation                7
Comestibles
 d - 3 bread rations
 p - 10 fruits


   Skills:
 - Level 6.0 Fighting
 - Level 10.5 Short Blades
 + Level 12.9 Dodging
 + Level 14.8 Stealth
 - Level 7.0 Spellcasting
 - Level 10.0 Hexes


You had 7 spell levels left.
You knew the following spells:

 Your Spells              Type           Power        Failure   Level  Hunger
a - Corona                Hex            #####..      1%          1    None
b - Ensorcelled Hibernat  Hex/Ice        ###...       1%          2    None
c - Confuse               Hex            #####...     1%          3    ##.....
d - Corpse Rot            Necr           N/A          17%         2    None
e - Animate Dead          Necr           N/A          93%         4    ####...
f - Death Channel         Necr           #.........   100%        6    #######


Dungeon Overview and Level Annotations

Branches:
Dungeon (11/15)            Temple (1/1) D:5            Lair (1/8) D:11
    Orc (0/4) D:10

Altars:
Ashenzari
Cheibriados
Dithmenos
Gozag
Kikubaaqudgha
Makhleb
Nemelex Xobeh
Okawaru
Qazlal
Sif Muna
Trog
Xom
Yredelemnul
Zin
The Shining One

Shops:
D:9 *   D:10 :

Annotations:
D:7 Joseph
D:10 exclusion: downstairs
Lair:1 Erica


Innate Abilities, Weirdness & Mutations

You are tiny and cannot use many weapons and most armour.
You have supernaturally acute eyesight.
You are a herbivore.
You cover ground extremely quickly.
You need consume almost no food.


Message History

Erica flickers and vanishes for a moment.
The blink frog blinks!
The porcupine twitches its whiskers.
A crocodile comes into view.
The helpless crocodile fails to defend itself.
You perforate the crocodile like a sieve!!!!
You kill the crocodile!
Kikubaaqudgha accepts your kill.
You see here a crocodile corpse.
The wolf misses you.
Erica points at you and mumbles some strange words.
The orb of energy hits the wolf.
The orb of energy explodes!
The mystic blast hits you!
* * * LOW HITPOINT WARNING * * *
You hear a croak.
The wolf completely misses you.
The blink frog blinks!
The blink frog hits you!
You die...
Kikubaaqudgha rasps: "You have failed me!
Welcome... death!"

#............
♣♣♣♣.....♣♣♣.
♣♣...♣♣ ♣♣ #♣
♣♣♣♣♣...♣♣♣♣ ##.♣
♣..........♣ #..♣
♣..........♣
##..♣♣♣..######..♣♣
#P...♣♣..#⌠...#..♣♣
#@..♣♣..'....# .♣♣
###.F.♣♣..'..<.# ♣
#..h..♣♣..'....#
##.h..♣♣♣..#⌠...#
#.....♣ ♣..######
##..ha.♣ ♣...
#.....F♣ ♣...
#####...§F♣♣♣♣♣♣ ♣
...##......♣♣ ♣♣♣ ♣


You could see 3 blink frogs, 3 wolves and a worker ant.

Vanquished Creatures
  The ghost of xgamer67 the Grappler, a powerful TrHu of Ru (D:11)
  Erolcha (D:9)
  Nergalle (D:10)
  2 hill giants
  An ugly thing (D:11)
  4 slime creatures (D:10)
  A manticore (D:11)
  Maurice (D:9)
  A cyclops (D:11)
  Psyche (D:10)
  3 centaur skeletons (D:11)
  3 trolls
  A two-headed ogre (D:11)
  A wraith (D:10)
  Sigmund (D:3)
  A shadow (D:11)
  3 deep elf magi
  A steam dragon (D:10)
  11 yaks
  Grum (D:10)
  The ghost of ninjanymous the Cudgeler, an average DsGl of Ru (D:3)
  A hippogriff (Lair:1)
  3 hungry ghosts
  Menkaure (D:7)
  7 wolves
  Edmund (D:5)
  The ghost of xgamer67 the Caller, an average TeSu of Fedhas (D:4)
  2 sky beasts
  2 orc warriors
  4 ice beasts
  A water moccasin (D:9)
  2 black bears
  An eye of draining (D:10)
  11 ogres
  3 phantoms
  3 centaurs
  A crocodile (Lair:1)
  A gnoll sergeant (D:6)
  11 giant frogs
  A wyvern zombie (D:8)
  A scorpion (D:11)
  14 wights
  2 centaur zombies
  2 electric eels (D:11)
  11 hounds
  7 crimson imps
  An orc priest (D:6)
  3 quasits
  4 iguanas
  A jelly (D:7)
  Jessica (D:3)
  2 giant frog skeletons
  7 orc wizards
  7 worker ants
  A hound zombie (D:5)
  A hound skeleton (D:11)
  4 worker ant zombies
  17 adders
  6 gnolls (D:6)
  2 shadow imps (D:5)
  4 oozes
  An adder zombie (D:8)
  An adder skeleton (D:9)
  A worm (D:4)
  5 giant geckos
  24 orcs
  21 bats
  A bat skeleton (D:8)
  A bat zombie (D:8)
  9 giant cockroaches
  7 goblins
  24 hobgoblins
  31 jackals
  8 quokkas
  2 giant gecko skeletons
  A giant gecko zombie (D:7)
  5 giant newts
  19 kobolds
  2 quokka skeletons
  20 rats
379 creatures vanquished.

Notes
Turn   | Place    | Note
--------------------------------------------------------------
     0 | D:1      | Frelus the Spriggan Enchanter began the quest for the Orb.
     0 | D:1      | Reached XP level 1. HP: 9/9 MP: 5/5
    60 | D:1      | Reached XP level 2. HP: 2/13 MP: 6/6
    64 | D:1      | Learned a level 2 spell: Ensorcelled Hibernation
   432 | D:1      | Reached skill level 5 in Stealth
   958 | D:1      | Reached XP level 3. HP: 12/16 MP: 8/8
   963 | D:1      | Learned a level 3 spell: Confuse
  1315 | D:2      | Reached skill level 6 in Stealth
  1604 | D:2      | Reached XP level 4. HP: 21/21 MP: 6/9
  2407 | D:3      | Noticed ninjanymous's ghost (average DsGl)
  2846 | D:3      | Reached skill level 7 in Stealth
  2846 | D:3      | Reached XP level 5. HP: 24/24 MP: 10/10
  2890 | D:3      | Noticed Jessica
  2895 | D:3      | Killed Jessica
  2931 | D:3      | Found an opulent altar of Gozag.
  2931 | D:3      | Found a sparkling altar of Nemelex Xobeh.
  2931 | D:3      | Noticed Sigmund
  2942 | D:3      | Killed Sigmund
  2942 | D:3      | Reached skill level 8 in Stealth
  2942 | D:3      | Reached XP level 6. HP: 28/28 MP: 8/11
  2999 | D:3      | Found a deep blue altar of Sif Muna.
  3048 | D:3      | Reached skill level 5 in Short Blades
  3385 | D:3      | Found a shattered altar of Ashenzari.
  3617 | D:3      | Killed ninjanymous's ghost
  3715 | D:4      | Noticed xgamer67's ghost (average TeSu)
  3817 | D:3      | Reached XP level 7. HP: 24/32 MP: 11/14
  4074 | D:4      | Killed xgamer67's ghost
  4074 | D:4      | Reached skill level 5 in Hexes
  4380 | D:4      | Found a bloodstained altar of Trog.
  4567 | D:4      | Found a glowing golden altar of the Shining One.
  4595 | D:4      | Found a stormy altar of Qazlal.
  4607 | D:4      | Reached skill level 5 in Spellcasting
  4736 | D:5      | Entered Level 5 of the Dungeon
  4739 | D:5      | Noticed Edmund
  4755 | D:5      | Killed Edmund
  4755 | D:5      | Reached XP level 8. HP: 32/36 MP: 10/18
  4760 | D:5      | Found a staircase to the Ecumenical Temple.
  4782 | Temple   | Entered the Ecumenical Temple
  4806 | Temple   | Became a worshipper of Kikubaaqudgha
  5291 | D:5      | Reached skill level 1 in Fighting
  5615 | D:5      | Reached skill level 5 in Dodging
  6157 | D:6      | Acquired Kikubaaqudgha's first power
  6157 | D:6      | Received a gift from Kikubaaqudgha
  6169 | D:6      | Identified Kikubaaqudgha's Collected Works on Evil (Kikubaaqudgha gifted it to you on level 6 of the Dungeon)
  6173 | D:6      | Learned a level 2 spell: Corpse Rot
  6418 | D:6      | Reached XP level 9. HP: 44/44 MP: 17/19
  6690 | D:6      | Reached skill level 9 in Dodging
  7353 | D:7      | Reached skill level 10 in Dodging
  7419 | D:7      | Noticed Menkaure
  7425 | D:7      | Killed Menkaure
  7440 | D:7      | Noticed Joseph
  7559 | D:7      | Acquired Kikubaaqudgha's second power
  7838 | D:7      | Reached skill level 10 in Stealth
  8039 | D:7      | Noticed a hill giant
  8046 | D:7      | Killed a hill giant
  8046 | D:7      | Reached skill level 11 in Stealth
  8163 | D:7      | Reached XP level 10. HP: 49/49 MP: 5/20
  8472 | D:8      | Found a shimmering altar of Xom.
  8472 | D:8      | Found a shimmering altar of Xom.
  8472 | D:8      | Found a shimmering altar of Xom.
  8472 | D:8      | Found a shimmering altar of Xom.
  8472 | D:8      | Found a shimmering altar of Xom.
  8473 | D:8      | Found a shimmering altar of Xom.
  8473 | D:8      | Found a shimmering altar of Xom.
  8473 | D:8      | Found a shimmering altar of Xom.
  9078 | D:8      | Received a gift from Kikubaaqudgha
  9079 | D:8      | Identified Kikubaaqudgha's Almanac of Unholy Secrets (Kikubaaqudgha gifted it to you on level 8 of the Dungeon)
  9085 | D:8      | Learned a level 4 spell: Animate Dead
  9092 | D:8      | Learned a level 6 spell: Death Channel
  9325 | D:8      | Reached skill level 12 in Stealth
  9360 | D:9      | Noticed Maurice
  9367 | D:9      | Killed Maurice
 10200 | D:9      | Noticed Erolcha
 10207 | D:9      | Killed Erolcha
 10268 | D:9      | Found Fyr Cask's General Store.
 10275 | D:9      | Bought a scroll of recharging for 161 gold pieces
 10275 | D:9      | Bought a scroll of identify for 34 gold pieces
 10760 | D:10     | Entered Level 10 of the Dungeon
 10845 | D:10     | Acquired Kikubaaqudgha's third power
 10854 | D:10     | Found a staircase to the Orcish Mines.
 10855 | D:10     | Noticed Nergalle
 10864 | D:10     | Killed Nergalle
 10864 | D:10     | Reached XP level 11. HP: 53/53 MP: 18/22
 11013 | D:10     | Noticed Psyche
 11017 | D:10     | Killed Psyche
 11102 | D:10     | Reached skill level 13 in Stealth
 11196 | D:10     | Noticed Grum
 11229 | D:10     | Killed Grum
 11254 | D:10     | Found Nosum's Book Shoppe.
 11807 | D:11     | Noticed a hill giant
 11820 | D:11     | Killed a hill giant
 12198 | D:11     | Reached skill level 10 in Hexes
 12524 | D:11     | Reached skill level 5 in Fighting
 12734 | D:11     | Noticed xgamer67's ghost (powerful TrHu)
 12906 | D:11     | Killed xgamer67's ghost
 13106 | D:11     | Reached skill level 14 in Stealth
 13288 | D:11     | Reached skill level 10 in Short Blades
 13422 | D:11     | Acquired Kikubaaqudgha's fourth power
 13769 | D:11     | Found a staircase to the Lair.
 14069 | D:11     | Reached XP level 12. HP: 60/60 MP: 9/23
 15488 | Lair:1   | Entered Level 1 of the Lair of Beasts
 15598 | Lair:1   | Noticed Erica
 15634 | Lair:1   | Mangled by a blink frog

Vault maps used:
D:1:      dpeg_arrival_rooms_with_view
D:2:      minmay_kobold_bridge
D:3:      kennysheep_six_static_rooms, grunt_temple_overflow_opulence,
          lemuel_doored_altar, lemuel_blue_sif_altar, minmay_misc_feat_roman,
          uniq_jessica, uniq_sigmund
D:4:      trog_eyes_of_draining, grunt_qazlal_sundering, tso_altar
D:5:      minmay_temple_entry_purple_smoke, first_bread, uniq_edmund
D:6:      grunt_ministairs_15, minmay_tree_intersection
D:7:      uniq_joseph, uniq_menkaure
D:8:      xom_shifter_show
D:9:      serial_shops, shop, uniq_erolcha, uniq_maurice
D:10:     serial_shops, kennysheep_little_box, uniq_nergalle, uniq_psyche,
          uniq_grum
D:11:     erik_lair_island
Temple:   circular_temple_12
Lair:1:   minivault_29, bh_autumn_forest_stairs, grunt_megastairs_3, uniq_erica

Action                   |  1- 3 |  4- 6 |  7- 9 | 10-12 || total
-------------------------+-------+-------+-------+-------++-------
Melee: Dagger            |   129 |   177 |   467 |   934 ||  1707
 Cast: Ensorcelled Hiber |     2 |     9 |    44 |   141 ||   196
       Confuse           |       |    15 |    22 |    38 ||    75
  Use: Scroll            |       |       |     1 |    21 ||    22
       Potion            |       |       |       |     1 ||     1
 Stab: Sleeping          |    16 |    16 |    61 |    88 ||   181
       Confused          |       |     3 |    13 |    22 ||    38
       Distracted        |       |       |     1 |     6 ||     7
  Eat: Pizza             |       |     2 |     1 |       ||     3
       Bread ration      |       |       |     1 |     2 ||     3
